 Dungeon Crawl Stone Soup version 0.25.0-46-gbd7b0854d2 (webtiles) character file.

Game seed: 7402661836792942790

1108 funkygono the Shield-Bearer (level 8, -3/68 HPs)
             Began as a Minotaur Fighter on July 18, 2020.
             Killed from afar by Maggie (16 damage)
             ... with a bolt of fire
             ... on level 6 of the Dungeon.
             The game lasted 00:11:16 (5425 turns).

funkygono the Shield-Bearer (Minotaur Fighter)      Turns: 5425, Time: 00:11:17

Health: -3/68      AC: 10    Str: 23    XL:     8   Next: 11%
Magic:  7/7        EV:  7    Int: 11    God:
Gold:   332        SH: 12    Dex: 10    Spells: 7/7 levels left

rFire    . . .     SeeInvis .   l - +5 whip
rCold    . . .     Gourm    .   c - +1 kite shield
rNeg     . . .     Faith    .   e - +0 chain mail
rPois    .         Spirit   .   (helmet restricted)
rElec    .         Reflect  .   (no cloak)
rCorr    +         Harm     .   (no gloves)
MR       .....                  (no boots)
Stlth    ..........             (no amulet)
HPRegen  0.21/turn              h - ring of resist corrosion
MPRegen  0.10/turn              v - +6 ring of intelligence

@: no status effects
A: retaliatory headbutt, horns 2
a: no special abilities


You were on level 6 of the Dungeon.
You were very hungry.

You visited 2 branches of the dungeon, and saw 7 of its levels.

You collected 332 gold pieces.

Inventory:

Hand Weapons
 k - a +3 whip
 l - a +5 whip (weapon)
 n - a +0 hunting sling
Missiles
 a - 38 bolts
 j - 192 stones (quivered)
 o - 31 arrows
Armour
 c - a +1 kite shield (worn)
 e - a +0 chain mail (worn)
Jewellery
 h - a ring of resist corrosion (left hand)
 v - a +6 ring of intelligence (right hand)
Wands
 x - a wand of enslavement (9)
Scrolls
 b - a scroll of magic mapping
 m - 3 scrolls of remove curse
Potions
 d - a potion of might
 g - a potion of degeneration {unknown}
 i - 3 potions of curing
 p - 2 potions of cancellation
 q - 2 potions of flight
 r - a potion of berserk rage {unknown}
 t - 2 potions of brilliance {unknown}
Comestibles
 f - 11 rations


   Skills:
 + Level 5.2 Fighting
 + Level 6.2 Maces & Flails
 + Level 6.6 Armour
 + Level 2.7 Dodging
 - Level 1.0 Stealth
 + Level 7.1 Shields


You had 7 spell levels left.
You didn't know any spells.
Your spell library contained the following spells:

 Spells                   Type           Power        Failure   Level  Hunger
 Magic Dart               Conj           #...         100%        1    ##.....
 Searing Ray              Conj           #.....       100%        2    ###....
 Dazzling Flash           Conj/Hex       #.....       100%        3    ####...
 Fulminant Prism          Conj/Hex       #.........   100%        4    #####..
 Iskenderun's Mystic Bla  Conj/Tloc      #.......     100%        4    #####..


Dungeon Overview and Level Annotations

Branches:
Dungeon (6/15)             Temple (1/1) D:4

Altars:
Ashenzari
Cheibriados
Elyvilon
Fedhas
Gozag
Hepliaklqana
Nemelex Xobeh
Okawaru
Ru
Sif Muna
Trog
Uskayaw
Vehumet
Xom
Yredelemnul
Zin
The Shining One

Annotations:
D:6 Maggie


Innate Abilities, Weirdness & Mutations

You reflexively headbutt those who attack you in melee.
You have a pair of horns on your head.


Message History

You block Maggie's attack.
You completely miss Maggie.
Maggie is moderately wounded.
Maggie hits you but does no damage.
You hit Maggie.
Maggie is moderately wounded.
You whack Maggie! Your headbutt misses Maggie.
Maggie is heavily wounded.
Maggie says, "Fear not.
I will immortalize you in the tale of my first kill."
Maggie hits you but does no damage.
You hit Maggie.
Maggie is heavily wounded.
Maggie points at you and mumbles some strange words.
The bolt of fire hits you!
* * * LOW HITPOINT WARNING * * *
You hit Maggie but do no damage.
Maggie is heavily wounded.
Maggie points at you and mumbles some strange words.
The bolt of fire hits you!
You die...

..###....... #
###..#........
#.#.##.............
##.#................
#.... #.............
###....###.##.......@.
..............####..!.
#........#@.# .
#........#@.#
#...#.##....#
+.....####..# #....###
#.## #......###.#
#+######..≈#...#
#........≈≈#.........
#.#.###..≈8##########
##.≈≈#


You could see Maggie.

Vanquished Creatures
  Eustachio (D:4)
  A water moccasin (D:4)
  A phantom (D:5)
  2 ogres (D:4)
  A scorpion (D:5)
  A howler monkey (D:5)
  A jelly (D:6)
  An orc priest (D:5)
  A hound (D:5)
  3 orc wizards
  A bullfrog skeleton (D:5)
  3 worker ants
  A gnoll (D:1)
  A howler monkey skeleton (D:4)
  9 adders
  A shadow imp (D:5)
  2 oozes
  2 adder skeletons (D:4)
  4 worms
  A dart slug (D:5)
  13 orcs
  9 giant cockroaches
  10 goblins
  10 hobgoblins
  6 jackals
  5 kobolds
  2 quokkas
  A ball python (D:2)
  5 bats
  11 frilled lizards
  11 rats
121 creatures vanquished.

Notes
Turn   | Place    | Note
-------+----------+-------------------------------------------
     0 | D:1      | funkygono the Minotaur Fighter began the quest for the Orb.
     0 | D:1      | Reached XP level 1. HP: 19/19 MP: 0/0
   205 | D:1      | Reached XP level 2. HP: 16/27 MP: 1/1
   430 | D:1      | Reached skill level 4 in Shields
   563 | D:1      | Reached XP level 3. HP: 33/33 MP: 2/2
  1038 | D:2      | Found a bloodstained altar of Trog.
  1283 | D:2      | Reached XP level 4. HP: 37/40 MP: 3/3
  2119 | D:3      | Found a sacrificial altar of Ru.
  2177 | D:3      | Found a hazy altar of Hepliaklqana.
  2221 | D:3      | Found a bloodstained altar of Trog.
  2440 | D:3      | Found a shattered altar of Ashenzari.
  2526 | D:3      | Reached XP level 5. HP: 46/46 MP: 4/4
  3147 | D:4      | Noticed Eustachio
  3185 | D:4      | Killed Eustachio
  3185 | D:4      | Reached skill level 5 in Armour
  3185 | D:4      | Reached skill level 1 in Dodging
  3185 | D:4      | Reached skill level 5 in Shields
  3185 | D:4      | Reached XP level 6. HP: 35/53 MP: 5/5
  3470 | D:4      | Reached skill level 1 in Stealth
  3470 | D:4      | Reached skill level 6 in Shields
  3470 | D:4      | Reached XP level 7. HP: 60/60 MP: 6/6
  3657 | D:4      | Reached skill level 5 in Maces & Flails
  3923 | D:4      | Found a staircase to the Ecumenical Temple.
  4162 | Temple   | Entered the Ecumenical Temple
  4297 | D:5      | Entered Level 5 of the Dungeon
  4471 | D:5      | Reached skill level 5 in Fighting
  4600 | D:5      | Found a blossoming altar of Fedhas.
  4600 | D:5      | Found a radiant altar of Vehumet.
  4753 | D:5      | Found a snail-covered altar of Cheibriados.
  4839 | D:5      | Reached skill level 7 in Shields
  4846 | D:5      | Reached XP level 8. HP: 63/68 MP: 7/7
  5399 | D:6      | Noticed Maggie
  5425 | D:6      | Killed from afar by Maggie

Illustrated notes

Levels and vault maps discovered:
D:1:      mainiacjoe_arrival_reflecting_pool, layout_loops_ring, chequers_garden
D:2:      layout_basic, nicolae_overflow_crystal_walls, corexii_hall_statues_x,
          minmay_worlds_worst_comb
D:3:      minmay_thinvault, layout_rooms, hangedman_ru_absence,
          cheibrodos_ashenzari_chains, lemuel_doored_altar, bloody_trog
D:4:      layout_cave_pools, minmay_temple_entry_glassed_door, first_ration,
          chequers_decorated_corner, minmay_misc_feat_roman, uniq_eustachio
D:5:      layout_basic, kennysheep_slug_shrine,
          gammafunk_temple_overflow_statue, minmay_misc_feat_secret_circle
D:6:      layout_basic, kennysheep_little_box, nicolae_dithmenos_shadow_blocks,
          basic_altar, moated_statue, uniq_maggie
Temple:   compressed_dpeg_circular_temple

Skill      XL: |  1  2  3  4  5  6  7 |
---------------+----------------------+-----
Fighting       | 4 5 |  5.2
Armour         | 4 5 6 |  6.6
Shields        | 4 5 6 7 |  7.1
Maces & Flails | 3 4 6 |  6.2
Dodging        | 1 2 |  2.7
Stealth        | 1 |  1.0

Action                   |  1- 3 |  4- 6 |  7- 9 || total
-------------------------+-------+-------+-------++-------
Melee: Flail             |    15 |       |       ||    15
       Whip              |    79 |   145 |   137 ||   361
       Headbutt          |    11 |    16 |    22 ||    49
Throw: Stone             |       |       |     2 ||     2
  Use: Scroll            |     5 |     5 |     3 ||    13
       Potion            |       |     1 |       ||     1
  Eat: Chunk             |     1 |     7 |     2 ||    10
       Ration            |       |       |     1 ||     1
Armor: Scale mail        |    28 |     9 |       ||    37
       Chain mail        |       |    92 |    41 ||   133
Dodge: Dodged            |    24 |    42 |    28 ||    94
Block: Kite shield       |    47 |    97 |    60 ||   204
